 Dungeon Crawl Stone Soup version 0.25-a0-949-gdd2af9e06e (webtiles) character file.

Game seed: 16195197837513156116, levelgen mode: deterministic

7 unvid the Digger (level 1, -1/13 HPs)
             Began as a Mummy Earth Elementalist on May 8, 2020.
             Slain by a kobold
             ... wielding a +0 short sword
              (3 damage)
             ... on level 1 of the Dungeon.
             The game lasted 00:00:39 (340 turns).

unvid the Digger (Mummy Earth Elementalist)          Turns: 340, Time: 00:00:39

Health: -1/13      AC:  2    Str: 11    XL:     1   Next: 91%
Magic:  0/4        EV: 12    Int: 14    God:
Gold:   16         SH:  0    Dex: 12    Spells: 4/5 levels left

rFire    x . .     SeeInvis .   d - +0 club
rCold    + . .     Gourm    .   (no shield)
rNeg     + + +     Faith    .   c - +0 robe
rPois    ∞         Spirit   .   (no helmet)
rElec    .         Reflect  .   (no cloak)
rCorr    .         Harm     .   (no gloves)
MR       .....                  (no boots)
Stlth    ++........             (no amulet)
HPRegen  0.04/turn              (no ring)
MPRegen  0.09/turn              (no ring)

@: very slightly contaminated
A: no food or potions, fire vulnerability, cold resistance 1, negative energy
resistance 3, torment resistance, unbreathing
a: no special abilities


You were on level 1 of the Dungeon.
You were not hungry.

You visited 1 branch of the dungeon, and saw 1 of its levels.

You collected 16 gold pieces.

Inventory:

Hand Weapons
 d - a +0 club (weapon)
Missiles
 b - 43 stones (quivered)
 e - 8 curare-tipped darts
Armour
 c - a +0 robe (worn)
Scrolls
 a - a scroll of identify {unknown}


   Skills:
 - Level 1.5 Dodging
 - Level 1.5 Stealth
 - Level 2.6 Spellcasting
   Level 0.7 Transmutations
 + Level 2.9 Earth Magic


You had 4 spell levels left.
You knew the following spells:

 Your Spells              Type           Power        Failure   Level  Hunger
a - Sandblast             Erth           ##....       7%          1    N/A

Your spell library contained the following spells:

 Spells                   Type           Power        Failure   Level  Hunger
 Passwall                 Tmut/Erth      #.......     16%         2    N/A
 Stone Arrow              Conj/Erth      #.....       36%         3    N/A
 Petrify                  Tmut/Erth      #.......     71%         4    N/A
 Lee's Rapid Deconstruct  Erth           ##........   88%         5    N/A

Dungeon Overview and Level Annotations

Branches:
Dungeon (1/15)

Altars:


Innate Abilities, Weirdness & Mutations

You do not eat or drink.
Your flesh is vulnerable to fire.
You are immune to poison.
Your flesh is cold resistant. (rC+)
You are immune to negative energy. (rN+++)
You are immune to unholy pain and torment.
You can survive without breathing.


Message History

Confirm with . or Enter, or press ? or * to list all spells.
Aiming: Sandblast (safe; 7% risk of failure)
Press: ? - help, Shift-Dir - straight line, f - hobgoblin
Aim: a hobgoblin, wielding a +0 club (moderately wounded)
You miscast Sandblast.
You are very lightly contaminated with residual magic.
Nothing appears to happen.
The hobgoblin hits you but does no damage.
You hit the hobgoblin.
The hobgoblin is severely wounded.
The kobold hits you but does no damage. The hobgoblin closely misses you.
You hit the hobgoblin but do no damage.
The hobgoblin is severely wounded.
The kobold hits you with a +0 short sword!
Ouch! That really hurt!
The hobgoblin hits you with a +0 club.
* * * LOW HITPOINT WARNING * * *
The hobgoblin misses you.
The kobold hits you with a +0 short sword.
You die...

.. ##. ... .. ....##.#####
# ........... ...
......[...#####..#
................#...
#......K.......#...
#......#@.......... .
#......g.................
#....((.8#8.......#......
..........#[#....#.........
.##.##+#)(8#8....#........#
# #(........#........#
#.#.......#........#
.......##............
...#.....##............


You could see a hobgoblin and a kobold.

Vanquished Creatures
  3 hobgoblins (D:1)
  A frilled lizard (D:1)
  2 kobolds (D:1)
  2 rats (D:1)
8 creatures vanquished.

Notes
Turn   | Place    | Note
-------+----------+-------------------------------------------
     0 | D:1      | unvid the Mummy Earth Elementalist began the quest for the
                  | Orb.
     0 | D:1      | Reached XP level 1. HP: 13/13 MP: 4/4
   340 | D:1      | Slain by a kobold

Levels and vault maps discovered:
D:1:      saegor_arrival_simple_d, layout_basic, minmay_statues_item,
          chequers_serial_rivers_small_3, nemelex_xobeh_ov_fountains_minmay

Action                   || total
-------------------------++-------
Melee: Club              ||     6
 Cast: Sandblast         ||    11
Armor: Robe              ||     1
Dodge: Dodged            ||    11

Table legend:
 A = Non-vault XP
 B = Vault XP
 C = Vault XP percentage of total XP
 D = Non-vault monster count
 E = Vault monster count
 F = Vault count percentage of total count
                 A         B        C        D         E       F
            +---------+---------+-------+---------+---------+-------
      Total |      11 |       0 |   0.0 |       8 |       0 |   0.0
            +---------+---------+-------+---------+---------+-------
        D:1 |      11 |       0 |   0.0 |       8 |       0 |   0.0
            +---------+---------+-------+---------+---------+-------
